General information
- name: BNet
- type: Ladder team game (AT/RT)
- host: Battle.net
- saver: bLinn
map: SilverpineForest
- players: 6
- length: 120:13
- speed: Fast
- version: 1.21 W3XP
- replay type:

» download(778 KB)
Players
team 1 (loser)
B1izzard_1)emon (
blue | 90 APM | 10176 actions | 113:07)
6 Blademaster
3 Wind Walk
2 Critical Strike
1 Bladestorm
9 Tauren Chieftain
3 War Stomp
3 Endurance Aura
2 Reincarnation
1 Shockwave
» actions
| Assign group hotkey | 1282 | |
| Basic commands | 32 | |
| Build / train | 154 | |
| Enter build submenu | 21 | |
| Enter hero's abilities submenu | 15 | |
| Give item / drop item | 32 | |
| Right click | 4619 | |
| Select / deselect | 1155 | |
| Select group hotkey | 2347 | |
| Use ability | 517 | |
10176 total
» units
| Peon | 15 | |
| Grunt | 4 | |
| Wind Rider | 3 | |
| Shaman | 3 | |
| Troll Batrider | 22 | |
| Troll Witch Doctor | 5 | |
| Spirit Walker | 4 | |
| Tauren | 6 | |
| Raider | 6 | |
| Goblin Zeppelin | 10 | |
78 total
» upgrades
| Ensnare | 1 | |
| Ranged Weapons | 2 | |
| Shaman Training | 2 | |
| Armor | 3 | |
| Envenomed Spears | 1 | |
| Witch Doctor Training | 2 | |
| Melee Weapons | 3 | |
| Pulverize | 1 | |
| Liquid Fire | 1 | |
| Reinforced Defenses | 1 | |
| Spirit Walker Training | 2 | |
19 total
» buildings
| Altar of Storms | 1 | |
| Orc Burrow | 9 | |
| Barracks | 1 | |
| Voodoo Lounge | 1 | |
| Stronghold | 2 | |
| War Mill | 1 | |
| Beastiary | 2 | |
| Spirit Lodge | 2 | |
| Fortress | 3 | |
| Tauren Totem | 2 | |
| Great Hall | 1 | |
25 total
» build order
00:08 Altar of Storms
00:20 Orc Burrow
00:35 Barracks
01:35 Orc Burrow
02:33 Voodoo Lounge
03:37 Stronghold
04:27 War Mill
05:59 Orc Burrow
06:02 Beastiary
06:05 Beastiary
06:11 Spirit Lodge
06:59 Orc Burrow
09:38 Fortress
09:38 Fortress
09:40 Orc Burrow
11:19 Spirit Lodge
12:39 Tauren Totem
13:56 Tauren Totem
16:21 Orc Burrow
16:23 Orc Burrow
21:33 Orc Burrow
21:56 Orc Burrow
45:28 Great Hall
» items
| Staff of Teleportation | 1 | |
| Scroll of Speed | 1 | |
| Healing Salve | 2 | |
| Orb of Lightning | 1 | |
| Scroll of Town Portal | 3 | |
| Potion of Lesser Invulnerability | 1 | |
| Tome of Retraining | 1 | |
10 total
cLanGgLrNo0bS (
pink | 35 APM | 4217 actions | 120:11)
3 Demon Hunter
2 Mana Burn
1 Evasion
3 Warden
2 Shadow Strike
1 Blink
» actions
| Assign group hotkey | 28 | |
| Basic commands | 176 | |
| Build / train | 85 | |
| Enter build submenu | 45 | |
| Enter hero's abilities submenu | 6 | |
| Give item / drop item | 6 | |
| Remove unit from queue | 9 | |
| Right click | 2190 | |
| Select / deselect | 584 | |
| Select group hotkey | 798 | |
| Use ability | 289 | |
4217 total
» units
| Wisp | 48 | |
| Chimaera | 4 | |
| Goblin Zeppelin | 6 | |
58 total
» upgrades
| Vorpal Blades | 1 | |
| Corrosive Breath | 1 | |
2 total
» buildings
| Moon Well | 13 | |
| Altar of Elders | 2 | |
| Tree of Life | 8 | |
| Tree of Ages | 2 | |
| Hunter's Hall | 2 | |
| Tree of Eternity | 2 | |
| Ancient Protector | 2 | |
| Ancient of Wind | 1 | |
| Ancient of War | 4 | |
| Chimaera Roost | 4 | |
40 total
» build order
00:30 Moon Well
00:50 Altar of Elders
03:27 Moon Well
04:21 Tree of Life
04:50 Moon Well
06:59 Tree of Ages
08:01 Tree of Life
08:35 Hunter's Hall
10:50 Moon Well
12:41 Tree of Eternity
13:13 Moon Well
16:03 Tree of Life
21:34 Altar of Elders
21:42 Moon Well
21:45 Moon Well
21:51 Hunter's Hall
22:50 Tree of Life
22:59 Tree of Life
23:06 Moon Well
23:09 Moon Well
23:12 Moon Well
25:28 Tree of Ages
25:41 Ancient Protector
30:12 Tree of Life
30:54 Tree of Eternity
31:22 Ancient of Wind
31:42 Ancient of War
31:54 Ancient of War
31:59 Ancient of War
32:08 Ancient of War
32:54 Moon Well
32:57 Moon Well
33:05 Ancient Protector
34:38 Moon Well
35:40 Tree of Life
40:12 Tree of Life
45:56 Chimaera Roost
45:59 Chimaera Roost
46:03 Chimaera Roost
54:44 Chimaera Roost
» items
| Scroll of Town Portal | 2 | |
| Potion of Healing | 2 | |
| Orb of Corruption | 1 | |
5 total
f-l-y (
orange | 121 APM | 9480 actions | 78:23)
7 Death Knight
3 Death Coil
3 Unholy Aura
1 Death Pact
8 Dreadlord
3 Sleep
1 Vampiric Aura
3 Carrion Swarm
1 Inferno
7 Lich
3 Frost Nova
1 Dark Ritual
2 Frost Armor
1 Death and Decay
» actions
| Assign group hotkey | 73 | |
| Basic commands | 211 | |
| Build / train | 177 | |
| ESC pressed | 1 | |
| Enter build submenu | 40 | |
| Enter hero's abilities submenu | 23 | |
| Give item / drop item | 15 | |
| Remove unit from queue | 1 | |
| Right click | 3658 | |
| Select / deselect | 2000 | |
| Select group hotkey | 2779 | |
| Use ability | 502 | |
9480 total
» units
| Acolyte | 12 | |
| Ghoul | 6 | |
| Gargoyle | 11 | |
| Obsidian Statue | 5 | |
| Frost Wyrm | 8 | |
| Meatwagon | 9 | |
| Crypt Fiend | 9 | |
| Necromancer | 9 | |
| Goblin Zeppelin | 13 | |
| Goblin Shredder | 1 | |
83 total
» upgrades
| Stone Form | 1 | |
| Destroyer Form | 1 | |
| Ghoul Frenzy | 1 | |
| Creature Attack | 3 | |
| Creature Carapace | 3 | |
| Freezing Breath | 1 | |
| Web | 1 | |
| Burrow | 1 | |
| Unholy Strength | 3 | |
| Unholy Armor | 2 | |
| Necromancer Training | 2 | |
| Skeletal Mastery | 1 | |
| Skeletal Longevity | 1 | |
| Exhume Corpses | 1 | |
| Disease Cloud | 1 | |
23 total
» buildings
| Crypt | 4 | |
| Ziggurat | 9 | |
| Altar of Darkness | 1 | |
| Graveyard | 1 | |
| Tomb of Relics | 1 | |
| Halls of the Dead | 4 | |
| Nerubian Tower | 3 | |
| Black Citadel | 1 | |
| Sacrificial Pit | 1 | |
| Slaughterhouse | 7 | |
| Boneyard | 3 | |
| Temple of the Damned | 3 | |
| Spirit Tower | 5 | |
| Necropolis | 3 | |
46 total
» build order
00:10 Crypt
00:12 Ziggurat
00:37 Altar of Darkness
00:57 Ziggurat
01:32 Graveyard
01:38 Tomb of Relics
01:59 Halls of the Dead
02:00 Halls of the Dead
02:25 Nerubian Tower
02:33 Crypt
03:19 Ziggurat
03:26 Crypt
03:28 Crypt
03:29 Ziggurat
04:23 Black Citadel
04:38 Ziggurat
04:40 Ziggurat
06:01 Sacrificial Pit
06:03 Slaughterhouse
06:21 Nerubian Tower
08:23 Boneyard
09:24 Ziggurat
09:25 Ziggurat
09:26 Ziggurat
10:00 Boneyard
10:03 Boneyard
16:53 Slaughterhouse
16:54 Slaughterhouse
16:56 Temple of the Damned
16:56 Temple of the Damned
21:32 Nerubian Tower
21:32 Spirit Tower
21:32 Spirit Tower
21:33 Spirit Tower
21:33 Spirit Tower
21:35 Necropolis
28:31 Temple of the Damned
28:33 Slaughterhouse
28:33 Slaughterhouse
34:35 Necropolis
39:27 Necropolis
53:35 Slaughterhouse
53:36 Slaughterhouse
» items
| Rod of Necromancy | 3 | |
| Sacrificial Skull | 1 | |
| Orb of Corruption | 2 | |
| Potion of Healing | 3 | |
| Ancient Janggo of Endurance | 1 | |
| Replenishment Potion | 1 | |
| Potion of Greater Healing | 1 | |
| Potion of Greater Mana | 1 | |
| Scroll of Town Portal | 8 | |
| Medallion of Courage | 1 | |
| Warsong Battle Drums | 1 | |
| Boots of Speed | 1 | |
| Potion of Mana | 2 | |
| Khadgar's Gem of Health | 1 | |
| Pendant of Mana | 1 | |
28 total
team 2 (winner)
bLinn (
teal | 80 APM | 9603 actions | 120:13)
6 Warden
3 Shadow Strike
2 Blink
1 Spirit of Vengeance
» actions
| Assign group hotkey | 572 | |
| Basic commands | 48 | |
| Build / train | 131 | |
| Enter build submenu | 34 | |
| Enter hero's abilities submenu | 7 | |
| Give item / drop item | 4 | |
| Remove unit from queue | 14 | |
| Right click | 5410 | |
| Select / deselect | 826 | |
| Select group hotkey | 2039 | |
| Use ability | 518 | |
9603 total
» units
| Wisp | 29 | |
| Hippogryph | 10 | |
| Dryad | 16 | |
| Druid of the Talon | 4 | |
| Goblin Zeppelin | 2 | |
61 total
» upgrades
| Well Spring | 1 | |
| Ultravision | 1 | |
| Strength of the Wild | 3 | |
| Reinforced Hides | 3 | |
| Abolish Magic | 1 | |
| Druid of the Talon Training | 2 | |
| Mark of the Talon | 1 | |
12 total
» buildings
| Altar of Elders | 1 | |
| Moon Well | 10 | |
| Ancient of Wonders | 1 | |
| Tree of Ages | 4 | |
| Hunter's Hall | 1 | |
| Ancient of Wind | 3 | |
| Ancient of Lore | 1 | |
| Tree of Eternity | 3 | |
| Tree of Life | 7 | |
31 total
» build order
00:02 Altar of Elders
00:13 Moon Well
01:04 Moon Well
02:41 Ancient of Wonders
03:35 Tree of Ages
03:35 Tree of Ages
03:36 Tree of Ages
03:36 Tree of Ages
04:23 Moon Well
04:24 Moon Well
04:36 Hunter's Hall
06:15 Ancient of Wind
06:36 Ancient of Lore
08:06 Tree of Eternity
08:06 Tree of Eternity
09:24 Tree of Life
11:07 Moon Well
11:10 Moon Well
11:11 Moon Well
15:26 Tree of Life
22:19 Tree of Life
22:57 Moon Well
22:58 Moon Well
22:59 Moon Well
29:36 Ancient of Wind
35:04 Tree of Life
35:09 Tree of Life
35:12 Tree of Life
35:49 Tree of Life
37:59 Ancient of Wind
» items
| Boots of Speed | 1 | |
| Staff of Teleportation | 1 | |
| Staff of Preservation | 1 | |
| Potion of Healing | 4 | |
| Healing Salve | 1 | |
| Scroll of Town Portal | 5 | |
| Orb of Venom | 1 | |
| Anti-magic Potion | 1 | |
15 total
dirtmcwordup (
purple | 64 APM | 7651 actions | 120:11)
4 Blood Mage
2 Flame Strike
2 Siphon Mana
9 Paladin
3 Holy Light
3 Divine Shield
3 Devotion Aura
7 Mountain King
3 Storm Bolt
3 Bash
1 Avatar
» actions
| Assign group hotkey | 43 | |
| Basic commands | 203 | |
| Build / train | 152 | |
| ESC pressed | 7 | |
| Enter build submenu | 137 | |
| Enter hero's abilities submenu | 20 | |
| Give item / drop item | 6 | |
| Right click | 3261 | |
| Select / deselect | 726 | |
| Select group hotkey | 2526 | |
| Use ability | 569 | |
7651 total
» units
| Peasant | 19 | |
| Siege Engine | 10 | |
| Dragonhawk Rider | 20 | |
49 total
» upgrades
| Masonry | 3 | |
| Lumber Harvesting | 2 | |
| Magic Sentry | 1 | |
| Gunpowder | 3 | |
| Plating | 3 | |
| Barrage | 1 | |
| Fragmentation Shards | 1 | |
| Cloud | 1 | |
| Armor | 3 | |
| Animal War Training | 1 | |
| Swords | 2 | |
21 total
» buildings
| Altar of Kings | 4 | |
| Lumber Mill | 2 | |
| Farm | 27 | |
| Scout Tower | 107 | |
| Arcane Tower | 3 | |
| Guard Tower | 40 | |
| Keep | 1 | |
| Town Hall | 1 | |
| Blacksmith | 1 | |
| Arcane Sanctum | 1 | |
| Workshop | 2 | |
| Castle | 1 | |
| Arcane Vault | 1 | |
| Gryphon Aviary | 1 | |
| Barracks | 1 | |
193 total
» build order
00:11 Altar of Kings
00:14 Lumber Mill
00:21 Farm
00:54 Scout Tower
01:15 Farm
01:24 Arcane Tower
01:58 Scout Tower
02:03 Scout Tower
02:27 Guard Tower
02:28 Scout Tower
02:33 Scout Tower
02:36 Scout Tower
02:37 Guard Tower
02:43 Scout Tower
02:44 Scout Tower
02:45 Scout Tower
02:45 Scout Tower
03:29 Guard Tower
03:32 Scout Tower
04:17 Arcane Tower
04:24 Scout Tower
04:25 Scout Tower
04:29 Scout Tower
04:29 Scout Tower
04:30 Scout Tower
04:31 Scout Tower
04:31 Scout Tower
04:32 Scout Tower
04:34 Guard Tower
04:35 Scout Tower
04:36 Scout Tower
04:37 Scout Tower
04:38 Scout Tower
04:45 Scout Tower
04:50 Scout Tower
05:00 Guard Tower
05:22 Guard Tower
05:33 Guard Tower
05:34 Scout Tower
05:35 Scout Tower
05:42 Lumber Mill
05:52 Guard Tower
05:53 Guard Tower
05:54 Guard Tower
05:57 Scout Tower
05:58 Scout Tower
06:03 Guard Tower
06:06 Scout Tower
06:06 Scout Tower
06:08 Scout Tower
06:09 Scout Tower
06:31 Guard Tower
06:54 Guard Tower
06:59 Guard Tower
07:10 Guard Tower
08:37 Keep
08:41 Scout Tower
08:41 Scout Tower
08:42 Scout Tower
08:45 Town Hall
08:50 Scout Tower
08:50 Scout Tower
08:51 Scout Tower
08:52 Scout Tower
08:57 Scout Tower
08:58 Scout Tower
08:59 Scout Tower
09:00 Scout Tower
09:12 Guard Tower
09:34 Guard Tower
10:08 Guard Tower
10:10 Scout Tower
10:11 Scout Tower
10:12 Scout Tower
10:22 Guard Tower
10:36 Guard Tower
10:38 Scout Tower
10:38 Scout Tower
10:39 Scout Tower
10:40 Scout Tower
11:06 Guard Tower
11:07 Scout Tower
11:08 Scout Tower
11:09 Scout Tower
11:37 Guard Tower
11:48 Blacksmith
11:55 Scout Tower
11:56 Scout Tower
11:57 Scout Tower
11:58 Scout Tower
11:58 Scout Tower
12:04 Arcane Sanctum
12:26 Guard Tower
13:30 Workshop
13:32 Workshop
13:39 Guard Tower
14:19 Castle
14:22 Guard Tower
15:44 Arcane Vault
15:53 Farm
15:55 Farm
15:58 Farm
17:04 Farm
17:05 Farm
17:07 Farm
17:11 Scout Tower
17:12 Scout Tower
17:13 Scout Tower
17:13 Scout Tower
18:03 Guard Tower
18:10 Scout Tower
18:11 Scout Tower
18:12 Scout Tower
18:13 Scout Tower
18:55 Guard Tower
19:19 Guard Tower
19:21 Scout Tower
19:21 Scout Tower
19:23 Scout Tower
19:23 Scout Tower
19:24 Scout Tower
19:25 Scout Tower
19:25 Scout Tower
19:26 Scout Tower
19:37 Farm
21:17 Guard Tower
22:08 Scout Tower
22:09 Scout Tower
22:11 Scout Tower
22:11 Scout Tower
22:12 Scout Tower
22:12 Scout Tower
22:45 Farm
23:43 Guard Tower
23:45 Scout Tower
23:45 Scout Tower
24:25 Guard Tower
24:27 Scout Tower
24:28 Scout Tower
24:29 Scout Tower
24:30 Scout Tower
25:33 Guard Tower
25:59 Scout Tower
26:00 Scout Tower
26:01 Scout Tower
26:01 Scout Tower
27:20 Guard Tower
27:21 Scout Tower
27:22 Scout Tower
27:28 Gryphon Aviary
28:09 Guard Tower
28:11 Scout Tower
28:11 Scout Tower
28:41 Scout Tower
28:41 Scout Tower
28:43 Guard Tower
28:44 Scout Tower
28:47 Scout Tower
28:51 Scout Tower
28:52 Scout Tower
29:10 Guard Tower
29:12 Guard Tower
29:30 Scout Tower
29:45 Barracks
30:36 Guard Tower
33:53 Farm
33:53 Farm
36:12 Scout Tower
36:14 Scout Tower
36:15 Scout Tower
36:35 Farm
36:36 Farm
37:46 Guard Tower
67:43 Farm
69:13 Scout Tower
69:16 Scout Tower
70:28 Arcane Tower
73:57 Farm
75:22 Farm
75:24 Farm
75:27 Altar of Kings
76:53 Farm
80:33 Farm
82:05 Farm
84:25 Altar of Kings
85:31 Farm
87:06 Farm
89:01 Farm
94:25 Altar of Kings
94:28 Farm
94:29 Farm
94:30 Farm
» items
| Staff of Teleportation | 3 | |
| Boots of Speed | 3 | |
| Staff of Sanctuary | 3 | |
| Lesser Clarity Potion | 1 | |
| Orb of Lightning | 1 | |
| Potion of Healing | 1 | |
| Orb of Fire | 1 | |
| Scroll of Town Portal | 1 | |
14 total
Mata. (
green | 98 APM | 11760 actions | 120:11)
9 Tauren Chieftain
3 Shockwave
3 Endurance Aura
1 Reincarnation
2 War Stomp
6 Shadow Hunter
3 Hex
3 Healing Wave
» actions
| Assign group hotkey | 1046 | |
| Basic commands | 168 | |
| Build / train | 136 | |
| ESC pressed | 21 | |
| Enter build submenu | 138 | |
| Enter hero's abilities submenu | 16 | |
| Give item / drop item | 10 | |
| Remove unit from queue | 4 | |
| Right click | 6014 | |
| Select / deselect | 2590 | |
| Select group hotkey | 903 | |
| Use ability | 714 | |
11760 total
» units
| Peon | 30 | |
| Grunt | 4 | |
| Troll Batrider | 20 | |
| Wind Rider | 9 | |
| Shaman | 3 | |
| Goblin Zeppelin | 4 | |
70 total
» upgrades
| Spiked Barricades | 1 | |
| Reinforced Defenses | 1 | |
| Liquid Fire | 1 | |
| Shaman Training | 2 | |
| Envenomed Spears | 1 | |
| Ranged Weapons | 1 | |
| Armor | 1 | |
8 total
» buildings
| Altar of Storms | 6 | |
| Orc Burrow | 15 | |
| Barracks | 1 | |
| War Mill | 4 | |
| Voodoo Lounge | 2 | |
| Watch Tower | 64 | |
| Great Hall | 5 | |
| Stronghold | 5 | |
| Beastiary | 5 | |
| Fortress | 2 | |
| Spirit Lodge | 1 | |
110 total
» build order
00:05 Altar of Storms
00:06 Altar of Storms
00:19 Orc Burrow
00:49 Barracks
01:47 Orc Burrow
02:27 War Mill
03:07 Voodoo Lounge
03:39 Watch Tower
03:40 Watch Tower
03:41 Watch Tower
04:14 Great Hall
04:46 Watch Tower
04:46 Watch Tower
05:34 Watch Tower
05:41 Stronghold
05:41 Stronghold
05:42 Stronghold
05:55 Watch Tower
05:56 Watch Tower
06:07 Watch Tower
07:02 Watch Tower
07:02 Watch Tower
07:10 Watch Tower
07:55 Watch Tower
07:57 Watch Tower
07:59 Watch Tower
08:00 Watch Tower
08:01 Watch Tower
08:07 Beastiary
08:10 Beastiary
08:34 Beastiary
09:54 Orc Burrow
09:54 Orc Burrow
11:13 Watch Tower
11:22 Watch Tower
12:10 Watch Tower
12:14 Watch Tower
12:14 Watch Tower
12:20 Watch Tower
12:21 Watch Tower
12:27 Fortress
12:39 Orc Burrow
13:45 Watch Tower
17:24 Spirit Lodge
19:05 Watch Tower
19:52 Altar of Storms
22:26 Watch Tower
22:26 Watch Tower
22:27 Watch Tower
22:50 Watch Tower
22:51 Watch Tower
23:09 Voodoo Lounge
23:39 Watch Tower
23:39 Watch Tower
26:00 Watch Tower
26:00 Watch Tower
26:01 Watch Tower
26:02 Watch Tower
26:02 Watch Tower
27:30 Orc Burrow
27:52 Orc Burrow
27:53 Orc Burrow
28:20 Altar of Storms
28:51 Beastiary
28:54 Beastiary
30:20 Orc Burrow
30:21 Orc Burrow
30:30 Great Hall
32:05 Orc Burrow
34:44 Orc Burrow
34:45 Orc Burrow
34:52 War Mill
37:00 Watch Tower
38:26 Watch Tower
41:41 War Mill
43:21 Watch Tower
43:25 Watch Tower
44:17 Watch Tower
44:27 Watch Tower
44:32 Watch Tower
44:56 Watch Tower
45:02 Watch Tower
45:06 Watch Tower
46:30 Watch Tower
46:40 Watch Tower
46:41 Watch Tower
47:10 Watch Tower
47:15 Watch Tower
48:00 Watch Tower
55:53 Watch Tower
57:33 Watch Tower
57:35 Watch Tower
66:11 Watch Tower
66:11 Watch Tower
68:26 Watch Tower
70:03 War Mill
70:36 Great Hall
72:15 Watch Tower
72:16 Watch Tower
73:00 Watch Tower
75:06 Stronghold
83:14 Orc Burrow
83:19 Watch Tower
83:56 Altar of Storms
87:51 Great Hall
89:50 Great Hall
92:18 Altar of Storms
92:42 Orc Burrow
» items
| Healing Salve | 5 | |
| Potion of Healing | 1 | |
| Scroll of Town Portal | 5 | |
| Orb of Lightning | 1 | |
| Staff of Teleportation | 2 | |
| Scroll of Regeneration | 1 | |
| Lesser Clarity Potion | 1 | |
16 total
Chat log
(00:07 / Allies) bLinn: yo its fly
(00:08 / Allies) dirtmcwordup: we never quite finished yomping this map
(00:15 / Allies) Mata.: imho we pretty much did
(00:16 / Allies) dirtmcwordup: lets go up
(00:24 / Allies) Mata.: i dont want to
(00:29 / Allies) Mata.: i've had enough of this mp
(00:36 / Allies) bLinn: can we just tower like normal then
(00:40 / Allies) dirtmcwordup: ok
(00:45 / Allies) dirtmcwordup: just tower grnd
(01:24 / Allies) Mata.: boom chicka boom chicka boom boom
(01:27 / Allies) bLinn: fly is quite good iirc
(01:40 / Allies) bLinn: who is towering me so i know who 2 feed
(01:41 / Allies) Mata.: i dont think it's mouz.geil.fly
(01:47 / Allies) bLinn: no as in the ffa player f-l-y
(01:52 / Allies) dirtmcwordup: i towr.
(01:55 / Allies) dirtmcwordup: feed
(01:56 / All) Mata.: fly do you ffa?
(01:59 / All) f-l-y: yes
(01:59 / All) B1izzard_1)emon: rank 1
(02:01 / All) B1izzard_1)emon: ffa nig
(02:02 / All) B1izzard_1)emon: GTFO
(02:07 / All) dirtmcwordup: huh
(02:08 / Allies) Mata.: you are correct
(02:11 / Allies) Mata.: then
(02:13 / Allies) bLinn: yep
(02:20 / Allies) dirtmcwordup: i got something in my eye
(02:24 / Allies) dirtmcwordup: like an eyelash
(02:25 / Allies) dirtmcwordup: or a thing
(02:35 / Allies) Mata.: those are typically above eye
(02:59 / All) Mata.: a ffa ud player getting frost wyrms?
(02:59 / All) B1izzard_1)emon: LMAO
(05:46 / Allies) bLinn: should i get hippo or dott
(05:47 / Allies) bLinn: for the frosties
(05:48 / Allies) dirtmcwordup: wood
(05:59 / Allies) Mata.: not dott please
(06:20 / Allies) bLinn: ok
(06:21 / Allies) bLinn: so hippo?
(06:26 / Allies) Mata.: if you must
(06:27 / Allies) bLinn: dryad?
(06:28 / Allies) dirtmcwordup: ood
(06:46 / Allies) dirtmcwordup: listen if you going to feed me a shit amount of wood im not towering you
(06:55 / Allies) bLinn: soz ill get more wispies
(07:03 / Allies) dirtmcwordup: nah you good
(07:25 / Allies) Mata.: gargs
(07:42 / Allies) bLinn: dryad or hippo? combo?
(08:16 / Allies) Mata.: lum
(09:18 / Allies) Mata.: you guys better be killing one of the feederrs
(09:29 / Allies) dirtmcwordup: with what
(09:49 / Allies) Mata.: heroes would be a good start
(09:57 / Allies) dirtmcwordup: ok sending my level 1 hero
(09:59 / Allies) bLinn: im tpin
(09:59 / Allies) dirtmcwordup: to ill some shit
(10:04 / Allies) Mata.: sigh
(11:31 / Allies) dirtmcwordup: lum
(12:01 / Allies) Mata.: man
(12:04 / Allies) Mata.: triple ud 5s
(12:06 / Allies) Mata.: is going to be a bitch
(12:10 / Allies) dirtmcwordup: getting pally mk
(12:17 / Allies) Mata.: make sure not to creep
(13:02 / Allies) Mata.: bats sent
(14:17 / Allies) dirtmcwordup: im thinken tanks
(14:26 / Allies) dirtmcwordup: tank or gyro your pick
(14:45 / Allies) Mata.: if you have to backstab us i'd rather it'd be tank
(14:47 / Allies) Mata.: the smaller dagger you know
(14:53 / Allies) bLinn: ack
(14:59 / Allies) bLinn: no towers at my expoooo
(15:29 / Allies) dirtmcwordup: oops
(15:38 / Allies) dirtmcwordup: ok so what do you want me to get mata.
(15:52 / Allies) Mata.: i don't know, i guess you could try tanks
(15:59 / Allies) bLinn: could you tower my expo
(16:09 / Allies) dirtmcwordup: guyus sent
(16:28 / Allies) Mata.: my c key didnt work
(16:29 / Allies) bLinn: could you tower
(16:30 / Allies) bLinn: my expo
(16:31 / Allies) Mata.: it just centered the screen
(16:35 / Allies) bLinn: thanks
(16:49 / Allies) dirtmcwordup: gonna tower to your expo
(16:55 / Allies) dirtmcwordup: if i tower it ehyre just going to kill it
(17:19 / Allies) Mata.: get multiple heroes
(17:26 / Allies) bLinn: warden/kotg/?
(17:31 / Allies) Mata.: panda
(17:33 / Allies) dirtmcwordup: dh
(17:35 / Allies) dirtmcwordup: or panda
(17:41 / Allies) bLinn: should i go lo upkeep?
(19:42 / Allies) Mata.: need a tp
(20:26 / Allies) Mata.: timg if you ever tab in to see this message
(20:26 / Allies) dirtmcwordup: hitting pink
(20:32 / Allies) Mata.: we need you to tp in at my base
(20:47 / Allies) Mata.: we needed you to tp in
(20:49 / Allies) Mata.: back in 2007
(20:58 / Allies) Mata.: when you tab in to see this message we will be long gone
(21:35 / Allies) bLinn: goi
(21:35 / Allies) bLinn: go
(21:44 / Allies) Mata.: get dh
(21:45 / Allies) Mata.: dk
(22:25 / Allies) dirtmcwordup: expand maybe
(22:39 / Allies) Mata.: get outta there and be glad he dont have raider yet
(23:25 / Allies) bLinn: got abolish
(23:28 / Allies) bLinn: for skeleteles
(23:32 / Allies) dirtmcwordup: hitting ud
(23:41 / Allies) Mata.: turn off auto bolish
(24:12 / Allies) Mata.: i got lust
(24:40 / Allies) dirtmcwordup: fuck
(24:46 / Allies) dirtmcwordup: honk honk
(26:16 / Allies) Mata.: orc is here
(26:17 / Allies) Mata.: now i need help
(28:00 / Allies) Mata.: tp
(28:04 / Allies) Mata.: too late
(28:06 / Allies) dirtmcwordup: got no heroes
(28:13 / Allies) Mata.: pala and blood
(28:18 / Allies) dirtmcwordup: i meant there
(28:19 / Allies) dirtmcwordup: but w./e
(28:25 / Allies) Mata.: well i thought that was why you bought staves
(29:04 / All) cLanGgLrNo0bS: gg
(29:06 / All) cLanGgLrNo0bS: leave pls
(29:11 / Allies) bLinn: wanna go up
(29:15 / All) B1izzard_1)emon: dumb strat
(29:16 / Allies) Mata.: tower them for me_
(29:17 / Allies) Mata.: `?
(29:22 / All) B1izzard_1)emon: all ur shit does is delay
(29:23 / All) B1izzard_1)emon: the loss
(29:31 / Allies) dirtmcwordup: i sent worker
(29:31 / Allies) bLinn: shall i get dotts then?
(29:49 / Allies) Mata.: a few but mostly hawk
(29:55 / Allies) Mata.: sweet
(30:10 / Allies) Mata.: tp home
(30:11 / Allies) Mata.: with them
(33:04 / Allies) dirtmcwordup: work on it blinn
(33:05 / Allies) dirtmcwordup: fuck
(33:05 / Allies) dirtmcwordup: god
(33:06 / Allies) dirtmcwordup: damn
(33:06 / Allies) dirtmcwordup: now
(33:13 / Allies) dirtmcwordup: o
(33:15 / Allies) dirtmcwordup: ok
(33:16 / Allies) bLinn: uhm
(33:17 / Allies) bLinn: uhm
(33:19 / Allies) bLinn: i need a tiny
(33:46 / Allies) Mata.: blinn; some gold
(34:14 / Allies) bLinn: ok
(34:17 / Allies) bLinn: get me a tiny and i'll go up
(34:22 / Allies) dirtmcwordup: wisp it
(34:23 / Allies) dirtmcwordup: noob
(34:25 / Allies) Mata.: i brought a wisp
(34:36 / Allies) bLinn: good thinkin
(34:38 / Allies) Mata.: proxy
(34:38 / Allies) Mata.: yeah
(35:20 / Allies) dirtmcwordup: you retard
(35:23 / Allies) Mata.: good job
(35:23 / Allies) bLinn: what
(35:25 / Allies) dirtmcwordup: you cant build
(35:32 / Allies) dirtmcwordup: theres no room for us to move
(35:45 / Allies) dirtmcwordup: build now
(35:45 / Allies) dirtmcwordup: go
(35:59 / Allies) Mata.: man they got a lot of siege
(36:13 / Allies) bLinn: 4hp jesus
(36:20 / All) B1izzard_1)emon: LOL
(36:57 / Allies) bLinn: ok going 100 food
(37:02 / Allies) bLinn: faerie dragons, very rude
(37:23 / Allies) Mata.: who niggered my zep
(37:24 / Allies) bLinn: lots of siege is v good for us
(37:58 / Allies) Mata.: where the fuck
(37:59 / Allies) Mata.: is my zeppelin
(39:09 / Allies) dirtmcwordup: tp out please
(39:13 / Allies) Mata.: you fucking niggers
(39:20 / Allies) Mata.: who the fuck got my zepp killed
(39:46 / Allies) Mata.: not building any more towers
(39:50 / Allies) bLinn: why not
(39:55 / Allies) Mata.: cause you guys killed my zep
(40:00 / Allies) bLinn: i will go get another
(40:09 / Allies) Mata.: then i'll also need gold for a zep
(40:10 / Allies) Mata.: i mean
(40:11 / Allies) Mata.: towers
(40:14 / Allies) bLinn: i can give
(40:16 / Allies) bLinn: i have 6.8k
(40:17 / Allies) dirtmcwordup: do you have it hotkeyed
(40:23 / Allies) Mata.: no
(40:28 / All) f-l-y: oh crap not the warden
(40:28 / Allies) Mata.: last i saw it you were using it to fly around your bloodmage
(40:29 / Allies) dirtmcwordup: might not be dead
(40:35 / Allies) dirtmcwordup: i queued it to go back here
(40:41 / Allies) Mata.: it probably died on the way
(40:44 / Allies) bLinn: you sneak it up
(41:28 / Allies) dirtmcwordup: wheres zep blinn
(41:57 / Allies) Mata.: watch the air
(41:59 / Allies) Mata.: it can get batted
(42:03 / All) Mata.: damb... gg
(43:07 / Allies) dirtmcwordup: if i can level my heroes
(43:09 / Allies) dirtmcwordup: we might be good
(43:11 / Allies) bLinn: im 6.5
(43:12 / Allies) dirtmcwordup: vs they zep drop
(43:19 / Allies) dirtmcwordup: 4.5 3 3
(43:21 / All) cLanGgLrNo0bS: y ...
(43:35 / Allies) bLinn: killed all blues 16 or so peons heh
(43:43 / Allies) dirtmcwordup: they have mad grnd
(43:54 / Allies) Mata.: no real air that i saw
(44:00 / Allies) Mata.: but they're not stupid and our perch isn't very good, they'll zep up
(44:01 / Allies) dirtmcwordup: what happened to his destro
(44:07 / Allies) bLinn: let's make it good
(44:17 / Allies) dirtmcwordup: give mata gold then
(44:19 / Allies) bLinn: i did
(44:20 / Allies) bLinn: 2800
(44:26 / Allies) dirtmcwordup: vealed
(44:28 / All) B1izzard_1)emon: dude
(44:29 / Allies) Mata.: they see us
(44:29 / Allies) dirtmcwordup: get air ready
(44:30 / All) B1izzard_1)emon: FUCIN GLEAVE
(44:32 / All) B1izzard_1)emon: HOLYSHIT
(44:36 / Allies) Mata.: watch for bats
(44:42 / All) Mata.: manner up please :-)
(44:48 / All) B1izzard_1)emon: fuck that
(44:48 / All) cLanGgLrNo0bS: LOL
(44:50 / Allies) dirtmcwordup: we'll have like 10 more tower up before they bat push
(44:51 / All) B1izzard_1)emon: ur a bunch of noob fags
(44:52 / All) cLanGgLrNo0bS: YOUR TALKING ABOUT MANNERS?
(44:54 / All) B1izzard_1)emon: ur wasting mass time
(44:55 / Allies) dirtmcwordup: if they try to zep now its gonna be bad for them
(45:02 / Allies) dirtmcwordup: theyll only get their heroes up
(45:07 / Allies) dirtmcwordup: vs all this air and hero nuke
(45:12 / Allies) dirtmcwordup: when they come up keep dk hexed
(45:15 / Allies) dirtmcwordup: focus lich then dl
(45:21 / Allies) Mata.: watch out for sleep
(45:27 / Allies) dirtmcwordup: ill have blood break it
(45:28 / Allies) bLinn: use towers to attack you if spelt
(45:28 / Allies) Mata.: i'll keep his dk hexxxed
(45:29 / Allies) bLinn: slept
(45:29 / All) cLanGgLrNo0bS: manners = leaving when you lose
(45:30 / Allies) bLinn: haha
(45:30 / Allies) Mata.: if they get up
(45:47 / Allies) dirtmcwordup: ud has been fed gold
(45:52 / Allies) dirtmcwordup: he at 80 food
(45:54 / Allies) dirtmcwordup: dont
(45:55 / Allies) Mata.: yeah they did garg feed at the start
(45:55 / Allies) dirtmcwordup: kill
(45:58 / Allies) dirtmcwordup: dont kill
(46:05 / Allies) Mata.: ne is feeder so he has most mines
(46:21 / Allies) dirtmcwordup: ne might be in upkeep
(46:24 / Allies) dirtmcwordup: dont kill any units
(46:27 / Allies) bLinn: ok
(46:32 / Allies) dirtmcwordup: between 12 siege 2 heroes and all these mines hes gotta be
(46:36 / Allies) Mata.: guy has 50 food in wisps alone
(46:48 / Allies) bLinn: ill check on blue
(46:50 / Allies) bLinn: maybe kill some bats?
(46:55 / Allies) dirtmcwordup: blink away please
(46:56 / Allies) Mata.: i hope they wasted a lot of gold on reveal spma
(47:00 / Allies) Mata.: that can get expensive
(47:03 / Allies) dirtmcwordup: haha
(47:13 / Allies) bLinn: guy building something at beast
(47:23 / Allies) Mata.: bats..
(47:33 / Allies) dirtmcwordup: oops
(47:34 / Allies) dirtmcwordup: gtfo
(47:36 / Allies) Mata.: that's starting
(48:11 / Allies) dirtmcwordup: should have got zep mata
(48:12 / Allies) dirtmcwordup: o well
(48:16 / Allies) bLinn: damn
(48:31 / Allies) bLinn: give me mana
(48:31 / Allies) Mata.: harass with warden before heroes get up there
(48:34 / Allies) Mata.: nm :-)
(48:34 / Allies) bLinn: and i'll go kill some fiends
(48:54 / All) dirtmcwordup: huh
(48:57 / All) bLinn: i could pose the same question 2 u
(48:58 / All) f-l-y: it's just a matter of having no life
(48:59 / All) dirtmcwordup: im using a laptop
(49:01 / All) f-l-y: i dont want to
(49:02 / All) dirtmcwordup: i have bad diarrhea
(49:06 / All) dirtmcwordup: i got nothing else to do in here
(49:13 / All) f-l-y: play another game?
(49:34 / Allies) bLinn: oh to shadow strike that tauren
(49:41 / Allies) dirtmcwordup: kapowned
(49:42 / Allies) Mata.: dang
(49:45 / Allies) bLinn: al capowned
(50:01 / Allies) Mata.: get outt of there
(50:03 / Allies) Mata.: they'll nuke you
(50:05 / All) B1izzard_1)emon: LMAO
(50:11 / Allies) Mata.: blinn?
(50:15 / Allies) Mata.: sigh you guys
(50:17 / Allies) dirtmcwordup: use zep god damn noob
(50:32 / Allies) dirtmcwordup: lemme guess you got no wisps
(50:36 / Allies) bLinn: yeah
(50:38 / Allies) Mata.: he has tol
(52:02 / Allies) bLinn: urgh death and decay
(52:05 / Allies) bLinn: and lvl 3 shockwave
(53:11 / Allies) dirtmcwordup: that lich almost dead
(53:18 / Allies) dirtmcwordup: should have gone up on left
(53:31 / Allies) Mata.: same story there
(53:56 / Allies) Mata.: bottom canät be sieged from shore
(53:57 / Allies) Mata.: afaik
(54:37 / Allies) bLinn: well at least we know they're pretty much out of gold
(54:39 / Allies) dirtmcwordup: so what do we do
(54:39 / Allies) bLinn: or at least think it
(54:42 / Allies) dirtmcwordup: nno
(54:44 / Allies) dirtmcwordup: they arent
(54:49 / Allies) dirtmcwordup: far from it
(55:00 / Allies) dirtmcwordup: dont let them kill that item
(55:03 / Allies) Mata.: i know
(55:21 / Allies) dirtmcwordup: almost level 5 paladin
(55:42 / Allies) Mata.: if they kill me i reincarn with full mana
(55:50 / Allies) dirtmcwordup: want me to let them kill you
(55:54 / Allies) Mata.: no rush
(56:05 / Allies) dirtmcwordup: kill zep
(56:08 / Allies) bLinn: i will ok
(56:10 / Allies) bLinn: i've killed about 4 so far
(56:50 / Allies) dirtmcwordup: web from across the map
(56:51 / Allies) dirtmcwordup: wow
(57:19 / Allies) Mata.: i got ownde
(57:20 / Allies) dirtmcwordup: prep it please
(57:29 / Allies) bLinn: o jeez
(57:46 / Allies) Mata.: that ssome damn fine shackling
(57:50 / Allies) bLinn: it was
(57:51 / Allies) Mata.: dk
(58:07 / Allies) bLinn: diggy fuckin dango
(58:08 / Allies) Mata.: guy cocky, no tp
(58:13 / Allies) Mata.: yo that shackling i making the video
(58:18 / Allies) dirtmcwordup: sweetr
(58:19 / Allies) bLinn: yeah was v good
(58:23 / Allies) bLinn: saved my dotts
(58:34 / Allies) dirtmcwordup: almost 6/5
(58:37 / Allies) Mata.: we have enough respite to buy a zep maybe
(58:44 / Allies) dirtmcwordup: send dott
(58:45 / Allies) dirtmcwordup: to get zep
(58:46 / Allies) dirtmcwordup: quick
(58:48 / Allies) Mata.: blinn isn't getting off this island though
(58:53 / Allies) dirtmcwordup: quick please go
(58:54 / Allies) dirtmcwordup: send
(58:54 / Allies) Mata.: unless he can build a wisp somehow
(58:55 / Allies) dirtmcwordup: dot
(58:55 / Allies) dirtmcwordup: oh
(58:56 / Allies) dirtmcwordup: ok
(59:03 / Allies) dirtmcwordup: nah hed have to lose 15 dott
(59:04 / Allies) dirtmcwordup: not worth it
(59:06 / Allies) dirtmcwordup: sry blinn
(59:06 / Allies) Mata.: exactly
(59:09 / Allies) dirtmcwordup: well
(59:11 / Allies) dirtmcwordup: 15 dott
(59:12 / Allies) dirtmcwordup: or
(59:14 / Allies) dirtmcwordup: 7 warden
(59:15 / Allies) Mata.: thats why he's not getting off island alive
(59:27 / Allies) bLinn: they bought out zeps
(59:28 / Allies) bLinn: i think
(59:37 / Allies) Mata.: they respawn so fast tho
(59:43 / Allies) dirtmcwordup: so close to 6/5
(59:43 / Allies) Mata.: another drop?
(59:45 / Allies) Mata.: go
(60:03 / Allies) dirtmcwordup: nice ff
(60:05 / Allies) Mata.: they're on south mountain
(60:18 / Allies) dirtmcwordup: p[ick up workers
(60:20 / Allies) Mata.: i have 2 peons ready for pick up
(60:21 / Allies) dirtmcwordup: we staff over
(60:25 / Allies) dirtmcwordup: me too
(60:29 / Allies) Mata.: this tc won't be killed unless
(60:32 / Allies) Mata.: we got his zep
(60:34 / Allies) Mata.: but we didnt
(60:36 / Allies) bLinn: i got it
(60:41 / Allies) Mata.: not with him in it thop
(60:47 / Allies) bLinn: no well i tried
(60:54 / Allies) bLinn: sneak it in
(61:17 / Allies) dirtmcwordup: ugh
(61:19 / Allies) Mata.: can we go there?
(61:20 / Allies) dirtmcwordup: almost stopped swave
(61:22 / Allies) Mata.: not reachable by air
(61:25 / Allies) Mata.: siege
(61:25 / Allies) Mata.: i mean
(61:31 / Allies) bLinn: this game?
(61:33 / Allies) bLinn: seems impossible 2 me
(61:34 / Allies) dirtmcwordup: they can take those 2 island but w/e
(61:35 / Allies) Mata.: yes
(61:36 / Allies) dirtmcwordup: hurry please
(61:38 / Allies) dirtmcwordup: just do it
(61:42 / Allies) Mata.: on my way
(61:49 / Allies) bLinn: jeez it's gonna be crazy
(61:50 / Allies) dirtmcwordup: why didnt you grab
(61:50 / Allies) dirtmcwordup: ok
(61:51 / Allies) bLinn: if they kill this
(61:53 / Allies) bLinn: and find another one
(61:59 / Allies) Mata.: we dont have much gold
(62:02 / Allies) Mata.: can you give me all you have blinn
(62:02 / Allies) bLinn: i got 3kizzle
(62:13 / Allies) Mata.: that's enough to tower all the islands down there i think
(62:17 / Allies) dirtmcwordup: fuck
(62:18 / Allies) dirtmcwordup: cant reach
(62:31 / Allies) bLinn: what are we gonna do about a main
(62:31 / Allies) Mata.: damn
(62:33 / Allies) dirtmcwordup: hooray
(62:35 / Allies) Mata.: he regened 3 hp
(62:41 / Allies) dirtmcwordup: n1
(62:48 / Allies) bLinn: damn i wish i hadn't lost my warden
(62:52 / Allies) dirtmcwordup: if i can get to 6 mk
(62:55 / Allies) Mata.: got another 1
(62:57 / Allies) dirtmcwordup: wave that glaive
(62:59 / Allies) dirtmcwordup: waive that glave
(63:02 / Allies) bLinn: wave the glaive boys
(63:16 / Allies) bLinn: pick up your homeboy
(63:19 / Allies) Mata.: nah
(63:21 / Allies) dirtmcwordup: nah
(63:24 / Allies) Mata.: he'll hide at the end of the game
(63:27 / Allies) Mata.: our trigger
(63:28 / Allies) dirtmcwordup: we gotta do this quick
(63:29 / Allies) dirtmcwordup: they coming
(63:33 / Allies) dirtmcwordup: in full force
(63:40 / Allies) Mata.: shit yeah
(63:46 / Allies) dirtmcwordup: hurry
(63:52 / Allies) bLinn: what are we gonna do about a main?
(64:00 / Allies) dirtmcwordup: hide
(64:09 / Allies) Mata.: i will
(64:21 / Allies) bLinn: another zeppsassination
(64:35 / Allies) dirtmcwordup: dont clear
(64:37 / Allies) dirtmcwordup: if we clear
(64:41 / Allies) dirtmcwordup: they take and put siege on
(64:44 / Allies) dirtmcwordup: just take the back island
(64:47 / Allies) Mata.: can they siege it though?
(64:55 / Allies) dirtmcwordup: idk
(64:58 / Allies) dirtmcwordup: they can storm it by air
(65:00 / Allies) dirtmcwordup: we dont need it
(65:05 / Allies) Mata.: we have more air than they do
(65:07 / Allies) Mata.: they have about 0
(65:08 / Allies) dirtmcwordup: they might be able to hit with d&d
(65:12 / Allies) Mata.: i guess
(65:19 / Allies) Mata.: they will clear it anyway though
(65:24 / Allies) Mata.: we'll see if the gold works
(65:26 / Allies) dirtmcwordup: kill fiend
(65:29 / Allies) dirtmcwordup: i bolt light
(65:31 / Allies) dirtmcwordup: wave em go
(65:53 / Allies) dirtmcwordup: we need to abandon soon
(66:05 / Allies) bLinn: argh
(66:07 / Allies) bLinn: well i got the zep
(66:10 / Allies) dirtmcwordup: ur solo record.
(66:12 / Allies) bLinn: bought some more time
(66:14 / Allies) dirtmcwordup: got a fiend too
(66:40 / Allies) Mata.: will wave
(66:44 / Allies) bLinn: suckahs
(67:00 / Allies) Mata.: timg we can fit main on this island
(67:01 / Allies) bLinn: 6 x 240 = 1440 gold on zeps so far i cost em
(67:02 / Allies) Mata.: if we tower the outer ones
(67:04 / Allies) dirtmcwordup: we gotta go now i think
(67:15 / Allies) Mata.: when we staff off they will know
(67:19 / Allies) Mata.: but if we wait too long
(67:22 / Allies) bLinn: batys
(67:22 / Allies) bLinn: coming
(67:23 / Allies) Mata.: they will sleep us so we can't escape
(67:25 / Allies) bLinn: bat
(67:26 / Allies) bLinn: at
(67:28 / Allies) Mata.: shit
(67:28 / Allies) Mata.: get out
(67:29 / Allies) dirtmcwordup: gold me
(67:30 / Allies) dirtmcwordup: please
(67:32 / Allies) bLinn: none
(67:32 / Allies) dirtmcwordup: i need to make tower
(67:38 / Allies) bLinn: evac all air now
(67:39 / Allies) bLinn: they have bats
(67:59 / Allies) dirtmcwordup: do i have to build it to staff to
(68:05 / Allies) bLinn: haha these guys gonna be so fuckin pissed
(68:23 / Allies) Mata.: what with the farm
(68:28 / Allies) dirtmcwordup: to heal my paladin
(68:35 / Allies) Mata.: ?
(68:42 / Allies) dirtmcwordup: why cant i staff him to that
(68:49 / Allies) Mata.: only altars and mains afaik
(68:53 / Allies) dirtmcwordup: no
(68:55 / Allies) dirtmcwordup: i was doing it up top
(69:00 / Allies) bLinn: im sure you can that is strange
(69:00 / Allies) Mata.: mm o
(69:06 / Allies) dirtmcwordup: maybe tower
(69:09 / Allies) dirtmcwordup: can i make a tower
(69:09 / Allies) bLinn: be careful
(69:12 / Allies) bLinn: don't let tree of life see
(69:26 / Allies) bLinn: wow mad chim
(69:29 / Allies) bLinn: but we can take
(69:34 / Allies) Mata.: not that much bat though
(69:39 / Allies) Mata.: like not holy shit lot of bat
(69:41 / Allies) dirtmcwordup: got 10 dhawk
(69:42 / Allies) bLinn: true
(69:43 / Allies) bLinn: haha
(69:44 / Allies) Mata.: they found
(69:50 / All) B1izzard_1)emon: OMG
(69:54 / All) B1izzard_1)emon: U GUYS ARE FUCKIGN PATHETIC
(70:00 / Allies) Mata.: i have no mill
(70:06 / Allies) bLinn: screenshotizzle
(70:07 / Allies) Mata.: building
(70:15 / Allies) dirtmcwordup: should i upg to arcane
(70:16 / Allies) dirtmcwordup: or what
(70:17 / Allies) Mata.: reveal timer is not bien
(70:22 / Allies) Mata.: sure, reveal burroweds
(70:25 / Allies) dirtmcwordup: who cares about reveal
(70:33 / Allies) dirtmcwordup: they know we are here
(70:33 / Allies) Mata.: this lil guy
(70:37 / Allies) dirtmcwordup: hide a main o ground then
(70:41 / Allies) Mata.: i will
(70:46 / Allies) dirtmcwordup: can you fit a main there
(70:50 / Allies) Mata.: not sure
(70:54 / Allies) bLinn: sincerely doubt
(70:56 / Allies) Mata.: i will send workers when i'ev towered it
(71:00 / Allies) Mata.: actually send some peons
(71:03 / Allies) Mata.: peasants
(71:25 / Allies) bLinn: spacing out my shit in case of bat
(71:31 / Allies) dirtmcwordup: if bat and chim come im shackling bat
(71:33 / Allies) Mata.: timer was close
(71:52 / Allies) Mata.: yes
(71:52 / Allies) dirtmcwordup: i will
(71:57 / Allies) dirtmcwordup: send dott
(71:59 / Allies) dirtmcwordup: i shackle bat
(72:17 / Allies) dirtmcwordup: make tower
(73:02 / Allies) Mata.: this is bad
(73:08 / Allies) dirtmcwordup: 9 bat
(73:09 / Allies) dirtmcwordup: or 8 bat
(73:11 / Allies) dirtmcwordup: i can shackle all
(73:20 / Allies) bLinn: we gon run out of buildings
(73:23 / Allies) Mata.: so do it
(73:40 / Allies) Mata.: freak
(73:49 / Allies) Mata.: i got out sorry
(73:53 / Allies) Mata.: that got bad
(74:30 / Allies) bLinn: down to 7 bats
(74:32 / Allies) bLinn: i mean dotts
(74:32 / Allies) Mata.: they will find this right away
(74:44 / Allies) Mata.: we'll have to defeat them in the air
(74:48 / Allies) dirtmcwordup: i need to make altar
(74:48 / Allies) Mata.: are you guys perma out
(74:51 / Allies) bLinn: i am
(74:57 / Allies) Mata.: should i tech
(75:10 / Allies) dirtmcwordup: making altar farm here
(75:11 / Allies) Mata.: build
(75:18 / Allies) dirtmcwordup: they will scout it
(75:25 / Allies) Mata.: they wills cout that too
(75:29 / Allies) Mata.: pick up some workers
(75:31 / Allies) Mata.: i tower the old
(76:03 / Allies) dirtmcwordup: use zep
(76:57 / Allies) bLinn: they hafta be out of gold
(76:58 / Allies) Mata.: this is a very long hide3
(77:08 / Allies) dirtmcwordup: i got 2 red hawk
(77:15 / Allies) Mata.: bad idea
(78:19 / Allies) Mata.: 2 levels
(78:20 / Allies) bLinn: deadh eroes?
(78:21 / Allies) Mata.: lol,
(78:23 / Allies) dirtmcwordup: all ud heroes
(78:25 / All) dirtmcwordup: ??
(78:25 / Allies) bLinn: hahahahaha
(78:26 / Allies) bLinn: hahahah
(78:27 / Allies) dirtmcwordup: hahahaha
(78:27 / All) bLinn: hahahahaha
(78:29 / Allies) dirtmcwordup: god damn
(78:30 / Allies) dirtmcwordup: good
(78:31 / Allies) dirtmcwordup: game
(78:33 / Allies) bLinn: holy fucking shit
(78:34 / Allies) Mata.: perfect play
(78:35 / Allies) bLinn: they must be out of gold
(78:48 / All) cLanGgLrNo0bS: seriously you guys are dumb
(78:49 / Allies) dirtmcwordup: i need to get my heroes out
(78:50 / All) cLanGgLrNo0bS: wtf
(78:52 / All) dirtmcwordup: huh
(78:58 / All) cLanGgLrNo0bS: you preach about manners and do this shit?
(78:59 / Allies) Mata.: so get your heroes out
(79:03 / Allies) dirtmcwordup: worken on it
(79:04 / Allies) bLinn: this is the loss speech
(79:04 / All) cLanGgLrNo0bS: hide buildings for an hour
(79:06 / All) Mata.: please noob i am gosu manner all the time
(79:07 / Allies) bLinn: oh my god if we win
(79:08 / Allies) bLinn: this will be so good
(79:11 / All) cLanGgLrNo0bS: LOL
(79:14 / All) cLanGgLrNo0bS: k
(79:39 / Allies) dirtmcwordup: dont lose dott
(79:39 / Allies) Mata.: that would have been g :T
(79:42 / Allies) dirtmcwordup: they still got lot of chim
(79:43 / Allies) bLinn: i know sorry
(79:45 / Allies) bLinn: i accidentally F'ed
(79:53 / Allies) dirtmcwordup: protect like mad
(79:59 / Allies) Mata.: we got other places
(80:01 / Allies) Mata.: we can go to
(80:03 / Allies) Mata.: they know about this one
(80:04 / Allies) dirtmcwordup: my only worker
(80:07 / Allies) Mata.: is the problem
(80:29 / Allies) dirtmcwordup: if i had blood mage
(80:36 / Allies) Mata.: so get him back too
(80:36 / Allies) bLinn: dang
(80:39 / Allies) bLinn: too bad this guy has forty
(80:45 / Allies) Mata.: they are prepping to siege
(80:46 / Allies) dirtmcwordup: please keep dott here
(80:55 / Allies) Mata.: yes
(80:57 / Allies) Mata.: get dott to the mntn
(80:58 / Allies) dirtmcwordup: please
(80:58 / Allies) dirtmcwordup: keep
(80:59 / Allies) dirtmcwordup: dott
(81:00 / Allies) dirtmcwordup: here
(81:04 / Allies) bLinn: are you being sarcastic
(81:07 / Allies) dirtmcwordup: making a farm then outing
(81:09 / Allies) bLinn: i was tracking him with faerie fire
(81:17 / Allies) dirtmcwordup: they going to hit
(81:24 / Allies) Mata.: blinn stop
(81:25 / Allies) Mata.: seriously
(81:27 / Allies) bLinn: stop what
(81:28 / Allies) bLinn: jesus
(81:33 / Allies) Mata.: stop luring them to this mountain
(81:34 / Allies) dirtmcwordup: stop fighting on other side of the map
(81:39 / Allies) dirtmcwordup: well that too yeah
(81:52 / Allies) dirtmcwordup: clear top
(81:53 / Allies) dirtmcwordup: for altar
(82:07 / Allies) bLinn: well can i kill that TOL
(82:17 / Allies) Mata.: altar should go there
(82:19 / Allies) dirtmcwordup: ok i can altar there yeah
(82:22 / Allies) dirtmcwordup: vealed
(82:29 / Allies) Mata.: alright we gotta get out
(82:47 / Allies) dirtmcwordup: altar here yay nay
(82:52 / Allies) Mata.: i say yes
(83:11 / Allies) bLinn: blue selling everything
(83:14 / Allies) dirtmcwordup: make a tower
(83:16 / Allies) bLinn: see? important recon
(83:28 / Allies) dirtmcwordup: you dont need all dott for recon
(83:40 / Allies) Mata.: our gold situation
(83:43 / Allies) Mata.: is getting critical too
(83:49 / Allies) dirtmcwordup: my heroes all got 6x item
(84:00 / Allies) Mata.: getting sh back, is a good hero
(84:28 / Allies) Mata.: dont lure to new mountain
(84:33 / Allies) Mata.: if they try to land down here, shoot em down
(84:34 / Allies) bLinn: looking for zep
(84:44 / Allies) bLinn: fuck
(84:59 / Allies) dirtmcwordup: wait for zep
(85:01 / Allies) bLinn: if they move ill shoot em
(85:02 / Allies) Mata.: fuck it
(85:13 / Allies) Mata.: this was a bad move
(85:14 / Allies) dirtmcwordup: get out
(86:02 / Allies) dirtmcwordup: getting mk first i think
(86:07 / Allies) dirtmcwordup: since ud threat is neutralized
(86:26 / Allies) dirtmcwordup: fire one
(86:27 / Allies) dirtmcwordup: tc
(86:28 / Allies) dirtmcwordup: no orb
(86:30 / Allies) bLinn: i have been
(86:31 / Allies) Mata.: we will get revealed
(86:37 / Allies) bLinn: how they gonna kill?
(86:49 / Allies) Mata.: i'm going back to Old Perch
(86:49 / Allies) dirtmcwordup: build main here
(86:53 / Allies) dirtmcwordup: or old perch yeah
(86:55 / Allies) dirtmcwordup: just quick please
(86:57 / Allies) dirtmcwordup: i want my heroes out
(87:11 / Allies) Mata.: ne heroes are so shitty
(87:17 / Allies) Mata.: but they have a lot of units on ground still
(87:28 / Allies) bLinn: should i move
(87:30 / Allies) bLinn: to defend altar
(87:33 / Allies) bLinn: or keep watching blues heroes
(87:34 / Allies) dirtmcwordup: nah not yet
(87:37 / Allies) Mata.: defend it
(87:46 / Allies) dirtmcwordup: gold please
(87:52 / Allies) dirtmcwordup: defend
(87:52 / Allies) dirtmcwordup: like
(87:53 / Allies) dirtmcwordup: nuts
(87:54 / Allies) Mata.: now we're in troubble
(88:19 / Allies) Mata.: yo
(88:19 / Allies) dirtmcwordup: gold
(88:28 / Allies) dirtmcwordup: canc
(88:29 / Allies) dirtmcwordup: canc
(88:30 / Allies) dirtmcwordup: canc
(88:31 / Allies) bLinn: why did you even do that
(88:36 / Allies) bLinn: reset timer i guess but even so
(88:38 / Allies) dirtmcwordup: gold me
(89:09 / Allies) dirtmcwordup: who next
(89:12 / Allies) dirtmcwordup: 7 paladin i guesse
(89:13 / Allies) Mata.: damn reveal timer
(89:26 / Allies) dirtmcwordup: hurry and make new main somewhere please
(89:34 / Allies) bLinn: damnit
(89:34 / Allies) bLinn: a raider
(89:57 / Allies) bLinn: maybe most dangerous unit they have
(90:11 / Allies) dirtmcwordup: building stuff here
(90:15 / Allies) Mata.: we can build a main there
(90:15 / Allies) Mata.: too
(90:17 / Allies) dirtmcwordup: do we want blood mage
(90:25 / Allies) Mata.: i don't feel we can really afford it
(90:31 / Allies) bLinn: did he have good items to sell
(90:33 / Allies) bLinn: OH FUCK
(90:39 / Allies) dirtmcwordup: a newly constructed unit has no room to be placed
(90:42 / Allies) dirtmcwordup: it just reset my mk
(90:43 / Allies) dirtmcwordup: fuck
(90:45 / Allies) bLinn: it resets the whole timer?
(90:46 / Allies) bLinn: that is bullshit
(90:49 / Allies) dirtmcwordup: hes going faster now though
(90:55 / Allies) dirtmcwordup: i think
(91:03 / Allies) dirtmcwordup: 200g
(91:04 / Allies) dirtmcwordup: nice
(91:07 / Allies) bLinn: free money
(91:15 / Allies) dirtmcwordup: still has not unsummed
(91:19 / Allies) Mata.: they can't give
(91:23 / Allies) Mata.: from him
(91:24 / Allies) dirtmcwordup: what am i making here
(91:27 / Allies) bLinn: dont drop
(91:28 / Allies) Mata.: they have siege
(91:29 / Allies) bLinn: lemme kill siege
(91:31 / Allies) bLinn: if anything
(91:35 / Allies) dirtmcwordup: cant build mk
(91:35 / Allies) dirtmcwordup: fucking
(91:37 / Allies) dirtmcwordup: god christ
(91:40 / Allies) bLinn: gotta clear trees
(91:48 / Allies) dirtmcwordup: can you send a worker
(91:50 / Allies) dirtmcwordup: guess i have to
(91:53 / Allies) Mata.: in a minute
(92:03 / Allies) Mata.: set rallypoint
(92:04 / Allies) Mata.: to top
(92:22 / Allies) dirtmcwordup: nope
(92:27 / Allies) Mata.: yeah
(92:29 / Allies) bLinn: is it going faster & faster each time
(92:30 / Allies) bLinn: or something
(92:31 / Allies) Mata.: you have to clear trees
(92:33 / Allies) dirtmcwordup: dont think so
(92:53 / Allies) Mata.: i
(93:09 / Allies) bLinn: no goddamnit
(93:14 / Allies) bLinn: DAMNIT
(93:15 / Allies) Mata.: get out
(93:26 / Allies) Mata.: luckers
(93:29 / Allies) bLinn: wasn't paying attention, forgot to faerie fire
(93:37 / Allies) dirtmcwordup: that your only job.
(93:39 / Allies) bLinn: maybe i can get them
(93:49 / Allies) dirtmcwordup: their zep died
(93:56 / Allies) bLinn: do they have enough gold for another?
(93:56 / Allies) Mata.: hope they cant afford another
(93:59 / Allies) dirtmcwordup: making altar etc here
(94:12 / Allies) bLinn: im sorry tim
(94:14 / Allies) bLinn: i am truley sorry
(94:18 / Allies) dirtmcwordup: nah it ok
(94:22 / Allies) dirtmcwordup: apologize to mata its his gold
(94:26 / Allies) bLinn: actually it's my gold
(94:27 / Allies) Mata.: that i'm now out of
(94:28 / Allies) bLinn: so all is well
(94:38 / Allies) bLinn: it's worth it to get those heroes back
(94:39 / Allies) dirtmcwordup: protext please
(94:46 / Allies) dirtmcwordup: i can sell items from my heroes
(94:47 / Allies) bLinn: this one will be much easier to protec
(94:48 / Allies) Mata.: okay we will protect it to the max
(95:05 / Allies) bLinn: wow this is a fucking intense game
(95:09 / Allies) Mata.: a destro
(95:12 / Allies) Mata.: that's our main too
(95:14 / Allies) bLinn: not good
(95:15 / Allies) dirtmcwordup: staff over
(95:18 / Allies) dirtmcwordup: hes patrolling
(95:20 / Allies) bLinn: i can't touch destros
(95:25 / Allies) Mata.: nigger
(95:26 / Allies) dirtmcwordup: hed find us eventually
(95:31 / Allies) dirtmcwordup: getting mk
(95:48 / Allies) bLinn: ur peonnnn...
(95:49 / Allies) dirtmcwordup: where is sh
(95:54 / Allies) dirtmcwordup: ic
(96:08 / Allies) dirtmcwordup: pillage
(96:09 / Allies) dirtmcwordup: kill with dott
(96:10 / Allies) dirtmcwordup: please
(96:12 / Allies) Mata.: you're right
(96:15 / Allies) bLinn: i'll try
(96:17 / Allies) dirtmcwordup: nm
(96:18 / Allies) dirtmcwordup: nm
(96:18 / Allies) dirtmcwordup: nm
(96:27 / Allies) dirtmcwordup: gold
(96:27 / Allies) Mata.: thy won't be getting much pillage gold atleast
(96:44 / Allies) Mata.: that's all she wrote about my gold
(96:49 / Allies) bLinn: may not even have pillage
(96:49 / Allies) dirtmcwordup: fuck
(96:51 / Allies) bLinn: ok we can protect this
(96:58 / Allies) Mata.: we gonna have to
(97:01 / Allies) dirtmcwordup: ok i can just squeeze paladin out
(97:03 / Allies) bLinn: only thing that can do a thing is destro
(97:05 / Allies) dirtmcwordup: should i sell items
(97:11 / Allies) dirtmcwordup: destro cant do shit vs heroe
(97:12 / Allies) Mata.: nah items are nice to have i think.
(97:13 / Allies) bLinn: but hero attacks and
(97:16 / Allies) bLinn: hawks should be enough
(97:30 / Allies) dirtmcwordup: hawks almost dead
(97:34 / Allies) bLinn: so heal em
(97:35 / Allies) dirtmcwordup: i gotta staff them when mk out
(97:44 / Allies) dirtmcwordup: this a really good game
(97:55 / Allies) dirtmcwordup: guy got so angerey he quits
(98:01 / Allies) dirtmcwordup: if he stayed we wouldnt have any chance
(98:13 / All) Mata.: how do you guys feel about that one guy leaving
(98:14 / All) Mata.: orange
(98:17 / Allies) dirtmcwordup: watch for zep drop siege
(98:19 / All) B1izzard_1)emon: ur a faggot
(98:20 / All) B1izzard_1)emon: stfu
(98:22 / All) dirtmcwordup: huh
(98:24 / Allies) dirtmcwordup: manner please
(98:26 / All) bLinn: fly
(98:28 / All) bLinn: 1st FFA
(98:29 / All) bLinn: a true pro
(98:31 / Allies) Mata.: nice
(98:37 / All) cLanGgLrNo0bS: how do ufeel about being a moron
(98:58 / Allies) dirtmcwordup: yo
(99:09 / Allies) dirtmcwordup: almost 6 mk
(99:10 / Allies) Mata.: asup
(99:13 / Allies) bLinn: destro could chomp
(99:15 / Allies) bLinn: FF
(99:16 / Allies) bLinn: but he doesn't wanna
(99:17 / Allies) Mata.: we can take their heroes i bet
(99:51 / Allies) bLinn: fuckin raidah
(100:05 / Allies) dirtmcwordup: want to zep drop our hero
(100:10 / Allies) Mata.: eventually yes
(100:12 / Allies) dirtmcwordup: wait for paladin
(100:13 / Allies) bLinn: waot
(100:15 / Allies) bLinn: lemme check blue's heros
(100:16 / Allies) dirtmcwordup: in case they got their own heroes
(100:18 / Allies) bLinn: if they still suck
(100:20 / Allies) Mata.: they didn't die did they?
(100:22 / Allies) bLinn: (if they still suck
(100:31 / Allies) bLinn: STUCK
(100:32 / Allies) bLinn: god
(100:42 / Allies) Mata.: army stationed here
(100:52 / Allies) Mata.: b-sides very close to ud towers
(100:53 / All) cLanGgLrNo0bS: so can i ask y you play like this
(100:57 / Allies) Mata.: we want to have every advantage
(101:03 / All) Mata.: we are not very good... is only way we can win.
(101:10 / Allies) bLinn: they still havea zep
(101:14 / All) cLanGgLrNo0bS: your plan is to irritate people into leaving
(101:17 / Allies) Mata.: alt: staves
(101:18 / Allies) bLinn: confirmation
(101:20 / Allies) Mata.: yo lets land and fight their heroes
(101:21 / Allies) dirtmcwordup: ok
(101:22 / Allies) Mata.: kill pink before blue shows up
(101:28 / Allies) bLinn: i can cyc
(101:31 / Allies) dirtmcwordup: nah
(101:34 / Allies) Mata.: well go
(101:48 / Allies) dirtmcwordup: out
(102:01 / Allies) dirtmcwordup: b
(102:02 / Allies) dirtmcwordup: b
(102:12 / Allies) bLinn: no mana
(102:12 / Allies) bLinn: out
(102:34 / Allies) dirtmcwordup: get out
(102:36 / Allies) Mata.: i got a carn
(102:42 / Allies) Mata.: tay
(102:58 / Allies) bLinn: fuckin pro that was
(102:58 / Allies) dirtmcwordup: a whew
(102:59 / All) B1izzard_1)emon: i fuckign ult tabbed
(103:08 / Allies) bLinn: got their only zep
(103:10 / Allies) dirtmcwordup: we got warden dh dread
(103:12 / Allies) dirtmcwordup: adn zep
(103:18 / Allies) dirtmcwordup: mk
(103:21 / Allies) bLinn: zep possibly most important kill
(103:22 / Allies) dirtmcwordup: flriting with 6
(103:27 / Allies) dirtmcwordup: 1 exp
(103:35 / Allies) Mata.: god damn why no freaking purg
(103:38 / Allies) Mata.: oh nice
(103:38 / Allies) dirtmcwordup: aweee
(103:43 / Allies) bLinn: go again?
(103:45 / Allies) bLinn: i can cyc, we win
(103:45 / Allies) Mata.: when reincarn c/d
(103:46 / Allies) dirtmcwordup: nah
(103:49 / Allies) dirtmcwordup: this like highperch
(103:51 / Allies) dirtmcwordup: wait it out
(103:54 / Allies) dirtmcwordup: dont get greedy
(103:55 / Allies) bLinn: aight but we will win either way
(103:56 / Allies) bLinn: brb pissing
(103:58 / Allies) bLinn: hotkey my dotts
(103:59 / Allies) dirtmcwordup: nope
(104:00 / Allies) dirtmcwordup: dont think so
(104:04 / Allies) bLinn: ff everything, then cyclone TC and DK
(104:09 / Allies) Mata.: oh lol
(104:18 / Allies) Mata.: he will reinc
(104:21 / All) B1izzard_1)emon: OMFG
(104:24 / All) B1izzard_1)emon: wtf is wit this lag
(104:29 / All) B1izzard_1)emon: io cant even paly
(104:33 / All) B1izzard_1)emon: omfg
(104:34 / All) B1izzard_1)emon: where is my shit
(104:38 / Allies) bLinn: all dead bro
(104:38 / All) B1izzard_1)emon: no its not u moron
(104:43 / All) B1izzard_1)emon: i have 2k from sellign item
(104:44 / All) B1izzard_1)emon: items
(104:51 / All) dirtmcwordup: and 0 heroe slOL
(104:57 / All) Mata.: 0 apm also
(105:09 / All) B1izzard_1)emon: dont even talk noob
(105:10 / All) B1izzard_1)emon: noob
(105:11 / Allies) Mata.: kill um
(105:12 / Allies) bLinn: finishhhh
(105:13 / Allies) bLinn: him
(105:20 / All) Mata.: i just did though :(
(105:50 / Allies) Mata.: altars are highest pri i guesss
(105:53 / Allies) dirtmcwordup: dont get greedy
(105:57 / Allies) Mata.: see
(106:00 / Allies) Mata.: if any altars are burning
(106:05 / Allies) Mata.: you know as in building
(106:07 / Allies) bLinn: will check blue
(106:15 / Allies) bLinn: really doubt they have the mney
(106:24 / Allies) dirtmcwordup: g
(106:24 / Allies) dirtmcwordup: go
(106:26 / Allies) dirtmcwordup: all go
(106:30 / Allies) Mata.: level 8 heroes will take a while
(106:31 / Allies) dirtmcwordup: faerie whatever come out
(106:38 / Allies) dirtmcwordup: got one bolt
(106:39 / All) B1izzard_1)emon: its getting out fags
(106:52 / Allies) bLinn: arhghgh
(106:54 / Allies) bLinn: sorry
(106:55 / All) Mata.: you're right
(107:01 / Allies) Mata.: damnit
(107:03 / Allies) dirtmcwordup: nice backstab
(107:10 / Allies) dirtmcwordup: zep parked here
(107:17 / Allies) dirtmcwordup: scout please
(107:18 / Allies) dirtmcwordup: for atlar
(107:25 / Allies) dirtmcwordup: kill burrows etc
(107:26 / Allies) bLinn: what can on eblade do
(107:33 / Allies) Mata.: assassinate my sh
(107:40 / Allies) dirtmcwordup: i got finger on light
(107:44 / Allies) bLinn: i swear i tried to cancel that cyc
(108:03 / Allies) bLinn: no altar
(108:08 / Allies) bLinn: but im gonna kill deez peons
(108:35 / Allies) Mata.: tren
(108:46 / Allies) Mata.: zep
(108:47 / Allies) Mata.: get the zep
(108:55 / Allies) Mata.: use hawk god damn
(109:09 / Allies) dirtmcwordup: why did you drop my worker
(109:16 / Allies) Mata.: i was taking zep
(109:30 / Allies) bLinn: ok all blues workers gone
(109:34 / Allies) bLinn: he still got a main though
(109:37 / Allies) Mata.: well that's not certain
(109:41 / Allies) dirtmcwordup: want a staff for your tc to staff sh
(109:46 / Allies) dirtmcwordup: nm got no building
(109:56 / Allies) Mata.: he's hiding some tols
(109:59 / Allies) Mata.: one there
(110:03 / Allies) bLinn: ill kill if you like
(110:08 / Allies) dirtmcwordup: man if thats all we have to worry about
(110:43 / Allies) dirtmcwordup: kill tower
(111:06 / Allies) Mata.: lets see if ojay is perma out
(111:45 / All) B1izzard_1)emon: fuck
(111:46 / All) B1izzard_1)emon: gg
(111:48 / All) Mata.: gg
(111:50 / All) dirtmcwordup: gg
(111:52 / All) bLinn: los gg
(112:00 / All) Mata.: did you have fun
(112:02 / All) B1izzard_1)emon: fags
(112:05 / All) B1izzard_1)emon: no i dind't
(112:08 / All) B1izzard_1)emon: ur a bunch of homos
(112:10 / All) Mata.: i am sorry to hear that
(112:35 / Allies) bLinn: damn this game has been good
(112:52 / Allies) bLinn: overeager stomp imo
(112:58 / Allies) bLinn: hahahahahaha
(112:59 / Allies) bLinn: PERFECT PLAY
(113:00 / Allies) dirtmcwordup: haha
(113:04 / Allies) dirtmcwordup: that was me fy
(113:04 / Allies) dirtmcwordup: i
(113:06 / Allies) Mata.: no
(113:10 / Allies) Mata.: i did it
(113:13 / Allies) dirtmcwordup: nope
(113:14 / Allies) bLinn: other guy AFK? clean up time
(113:15 / Allies) dirtmcwordup: i did fuck u
(113:22 / Allies) bLinn: can't believe we actually won this
(114:29 / Allies) Mata.: find more tols
(114:37 / Allies) bLinn: could be timered already
(114:38 / Allies) bLinn: but will look
(114:41 / Allies) dirtmcwordup: what makes this game so good
(114:45 / Allies) dirtmcwordup: is we had so many perfect plays
(114:51 / Allies) dirtmcwordup: and if just one of them we didnt make wed lose
(115:06 / Allies) dirtmcwordup: holy shit
(115:09 / Allies) dirtmcwordup: this is same game
(115:10 / Allies) bLinn: the bat snaring
(115:11 / Allies) dirtmcwordup: that i tanked them
(115:19 / Allies) Mata.: feels like so long ago
(115:20 / Allies) bLinn: the great bat snaring ruled
(115:28 / Allies) bLinn: and killing the UD zep
(115:54 / Allies) dirtmcwordup: dead
(115:55 / Allies) Mata.: wait we killed that one
(115:56 / Allies) Mata.: a while ago
(115:59 / Allies) bLinn: ya
(116:19 / Allies) Mata.: well i hope f-l-y gets pissed off when he sees a big ol loss on his at recd
(116:23 / Allies) bLinn: lets post
(116:26 / Allies) bLinn: on FFA
(116:32 / Allies) Mata.: haha
(116:35 / Allies) Mata.: ffareplays
(116:37 / Allies) Mata.: or frozenleague
(116:38 / Allies) bLinn: yes
(116:40 / Allies) bLinn: ffareplays
(116:43 / Allies) bLinn: he posts there
(116:49 / Allies) Mata.: sweet
(117:01 / Allies) dirtmcwordup: here we do typical spine forest strat vs some clueless noobs who have 0 micro
(117:13 / Allies) Mata.: award winning spine forest strat
(117:16 / Allies) dirtmcwordup: move one at a time noob
(117:17 / Allies) dirtmcwordup: yes
(117:22 / Allies) bLinn: he's attack moving
(117:25 / Allies) bLinn: but whatev
(117:31 / Allies) Mata.: he was regenning
(117:35 / Allies) bLinn: if he was attacking a single unit
(117:37 / Allies) Mata.: means he was eating trees recently
(117:38 / Allies) bLinn: one at a time would be better
(117:44 / All) dirtmcwordup: hello
(117:44 / Allies) bLinn: but attack moving is better to move as a group
(117:45 / All) dirtmcwordup: can u quit
(117:47 / All) dirtmcwordup: this isnt fun
(117:59 / Allies) dirtmcwordup: i just realized
(118:03 / Allies) dirtmcwordup: those were our last buildings
(118:05 / Allies) Mata.: yes
(118:06 / Allies) dirtmcwordup: we lose
(118:11 / Allies) dirtmcwordup: dang
(118:14 / Allies) Mata.: and got this prepepd
(118:16 / Allies) Mata.: just in case
(118:16 / Allies) dirtmcwordup: got 0 gold
(118:20 / Allies) Mata.: i know i'd sell items
(118:47 / Allies) bLinn: they must have a tol somwhere
(119:02 / Allies) bLinn: use zeps too
(119:11 / Allies) bLinn: also they have some units in top right
(119:14 / Allies) bLinn: so be careful about flying over that